AoeStats
← tavo10

Hill Fort

504289259Analyzed
3v3 RM · 26d ago on Sep 4, 2026· 53m 22s· 6 players
Game mode
Random Map
Map size
Normal (6 player)
Population
200
Speed
Normal
Resources
Standard
Victory
Conquest
Starting age
Dark Age
Ending age
Imperial Age
RankedLock teamsTeams togetherTeam positionsShared explorationLock speedFull tech treeHidden civsTurbo modeCheats
Victory
Defeat
🇷🇴 Aztecs · Romania
1085
+14
🇳🇱 Huns · Netherlands
1065
+15
🇨🇱 Saracens · Chile
1058
+15
🇺🇸 Vietnamese · United States
1119
-18
1012
-13
🇺🇸 Lithuanians · United States
1012
-13
CostaDosTres
13:02 Feudal Age
13:41 Horse Collar
14:56 Double-Bit Axe
17:46 Castle Age
15:33 Loom
19:55 Bow Saw
19:21 Pikeman
20:58 Heavy Plow
25:30 Wheelbarrow
26:14 Fletching
26:29 Scale Barding Armor
28:53 Bloodlines
29:06 Chain Barding Armor
29:35 Hand Cart
31:48 Forging
32:13 Husbandry
31:37 Light Cavalry
32:25 Gold Mining
32:25 Stone Mining
32:25 Town Watch
33:54 Iron Casting
33:15 Bodkin Arrow
36:25 Imperial Age
34:24 Town Patrol
35:53 Gold Shaft Mining
36:06 Scale Mail Armor
36:13 Marauders
36:30 Cavalier
37:52 Plate Barding Armor
38:59 Blast Furnace
41:30 Hussar
43:10 Chain Mail Armor
43:36 Squires
43:22 Arson
43:51 Halberdier
44:35 Bracer
44:36 Padded Archer Armor
45:53 Two-Man Saw
48:21 Caravan
Nielu256
11:07 Feudal Age
17:00 Castle Age
15:47 Double-Bit Axe
15:58 Horse Collar
16:21 Loom
18:27 Fervor
18:50 Bow Saw
20:31 Wheelbarrow
19:41 Town Watch
20:05 Gold Mining
20:10 Stone Mining
20:34 Heavy Plow
23:16 Gold Shaft Mining
24:35 Fletching
24:45 Padded Archer Armor
24:06 Crossbowman
25:52 Pikeman
26:54 Bodkin Arrow
27:15 Leather Archer Armor
28:34 Squires
29:48 Sanctity
31:02 Scale Mail Armor
31:18 Leather Archer Armor
31:13 Forging
34:02 Ballistics
33:53 Fortified Wall
33:23 Treadmill Crane
36:35 Imperial Age
35:02 Atlatl
36:17 Caravan
36:25 Elite Skirmisher
37:47 Hand Cart
38:38 Garland Wars
38:45 Conscription
38:14 Man-at-Arms
38:40 Gambesons
38:16 Eagle Warrior
38:42 Arson
40:18 Chemistry
39:23 Siege Engineers
39:40 Chain Mail Armor
39:35 Forging
39:26 Bracer
39:36 Long Swordsman
40:55 Two-Handed Swordsman
43:12 Plate Mail Armor
43:12 Champion
45:27 Iron Casting
44:34 Onager
48:25 Coinage
49:12 Siege Onager
49:14 Arbalester
49:17 Capped Ram
50:47 Town Patrol
52:03 Siege Ram
tavo10
4:33 Loom
12:21 Feudal Age
12:46 Double-Bit Axe
17:21 Stone Mining
20:46 Castle Age
18:32 Horse Collar
19:05 Gold Mining
20:15 Wheelbarrow
20:31 Forging
20:35 Scale Barding Armor
21:40 Bow Saw
21:32 Heavy Plow
23:08 Thumb Ring
24:58 Elite Skirmisher
26:09 Hand Cart
29:10 Ballistics
31:37 Gold Shaft Mining
31:18 Fervor
33:31 Iron Casting
34:31 Chain Barding Armor
34:08 Town Watch
34:07 Treadmill Crane
35:25 Padded Archer Armor
35:15 Fletching
38:13 Leather Archer Armor
40:32 Pikeman
41:14 Squires
41:00 Arson
43:50 Imperial Age
41:44 Bodkin Arrow
41:49 Scale Mail Armor
41:13 Man-at-Arms
41:38 Gambesons
42:42 Sanctity
42:23 Devotion
42:46 Long Swordsman
44:00 Chain Mail Armor
44:33 Town Patrol
45:35 Chemistry
44:20 Arrowslits
44:32 Murder Holes
44:02 Two-Handed Swordsman
45:54 Two-Man Saw
44:29 Light Cavalry
45:19 Bloodlines
45:22 Husbandry
46:32 Parthian Tactics
47:58 Conscription
47:01 Elite Mameluke
50:22 Heavy Cavalry Archer
53:20 Siege Engineers
53:26 Masonry
53:27 Fortified Wall
DigitalSixteen
10:24 Feudal Age
10:58 Double-Bit Axe
13:54 Loom
15:18 Horse Collar
17:40 Castle Age
15:58 Gold Mining
16:14 Stone Mining
18:10 Wheelbarrow
20:25 Bloodlines
20:58 Bow Saw
21:32 Sanctity
21:31 Scale Barding Armor
21:53 Heavy Plow
22:37 Husbandry
23:34 Hand Cart
23:12 Town Watch
27:34 Forging
27:47 Chain Barding Armor
30:06 Iron Casting
34:43 Imperial Age
32:14 Town Patrol
32:06 Fletching
32:57 Stone Shaft Mining
31:50 Light Cavalry
32:39 Hill Forts
34:44 Bodkin Arrow
34:48 Cavalier
36:08 Plate Barding Armor
35:34 Bracer
36:48 Elite Leitis
37:49 Conscription
38:46 Two-Man Saw
40:13 Hoardings
39:18 Paladin
44:30 Winged Hussar
45:07 Capped Ram
48:21 Herbal Medicine
Kodrokos
11:19 Feudal Age
13:53 Loom
16:44 Castle Age
14:38 Double-Bit Axe
15:12 Horse Collar
17:47 Bow Saw
26:45 Wheelbarrow
25:56 Town Watch
27:07 Gold Mining
27:09 Stone Mining
27:22 Heavy Plow
31:50 Hand Cart
31:38 Town Patrol
34:12 Fletching
34:23 Padded Archer Armor
37:30 Imperial Age
34:33 Elite Skirmisher
35:18 Thumb Ring
36:26 Forging
36:33 Leather Archer Armor
36:13 Bodkin Arrow
36:43 Husbandry
36:53 Bloodlines
37:30 Ballistics
39:18 Chemistry
38:23 Bracer
38:38 Leather Archer Armor
38:17 Imperial Skirmisher
39:47 Chatras
39:09 Elite Rattan Archer
40:34 Pikeman
41:14 Squires
43:02 Halberdier
43:25 Crossbowman
43:59 Arbalester
49:41 Two-Man Saw
pisse.sur-GiveUpYouWillDie
11:06 Feudal Age
11:40 Loom
12:13 Double-Bit Axe
17:26 Castle Age
15:39 Horse Collar
16:22 Fletching
17:42 Gold Mining
18:47 Bow Saw
18:40 Heavy Plow
19:20 Padded Archer Armor
20:54 Bodkin Arrow
25:02 Leather Archer Armor
26:07 Ballistics
27:32 Wheelbarrow
32:06 Imperial Age
34:16 Chemistry
33:53 Bracer
35:07 Ring Archer Armor
35:31 Scale Mail Armor
37:08 Two-Man Saw
39:12 Masonry
39:41 Chain Mail Armor
39:37 Forging
38:51 Pikeman
39:31 Squires
Connection lost

Rejoining the realm…

Still unreachable

The connection could not be restored.

Session expired

The server has moved on; the page needs a fresh start.